Map: Deathaura LE

Players

Kelazhur - Winner!

  • Race: Terran Terran
  • Spawn Location: 5:00

Cham

  • Race: Zerg Zerg
  • League: Grandmaster
  • Spawn Location: 11:00

Event: DreamHack SC2 Masters 2020 Winter

VOD

Have the link to the VOD?

Description

Time

  • Played on: Oct. 21, 2020, 4:18 p.m.
  • Length: 15:08

All games in this series

Show
View Real Time Build Order
Export as new Build Order

Kelazhur Terran - Winner!

Build Orders: Reaper Expand, Hellion Banshee 

Get SALT Encoding   

  12  0:00  SCV  
  13  0:12  SCV  
  14  0:16  Supply Depot  
  14  0:24  SCV  
  15  0:38  SCV  
  15  0:39  Barracks  
  16  0:43  Refinery  
  16  0:50  SCV  
  17  1:02  SCV  
  18  1:14  SCV  
  19  1:26  Reaper  
  19  1:27  Orbital Command  
  20  1:37  Command Center  
  20  1:45  Supply Depot  
  20  1:52  SCV  
  21  1:58  Marine  
  22  2:03  Factory  
  22  2:05  SCV  
  23  2:17  SCV  
  23  2:20  Barracks Reactor  
  24  2:29  SCV  
  24  2:40  Command Center  
  24  2:42  SCV  
  25  2:49  Orbital Command  
  25  2:54  SCV  
  26  2:58  Starport  
  26  3:05  Hellion  
  28  3:06  Hellion  
  28  3:09  SCV  
  28  3:11  Barracks Tech Lab  
  31  3:15  SCV  
  32  3:21  SCV  
  32  3:26  Hellion  
  35  3:28  SCV, Refinery, Hellion  
  35  3:33  SCV  
  39  3:41  Supply Depot  
  39  3:42  Marine  
  39  3:44  Banshee  
  39  3:45  SCV x2  
  45  3:53  Hellion x2  
  49  3:55  Orbital Command  
  49  3:58  SCV  
  49  4:00  SCV  
  51  4:06  Barracks Tech Lab  
  51  4:10  SCV  
  51  4:12  SCV  
  53  4:22  SCV x2, Barracks  
  53  4:23  Factory Reactor  
  55  4:24  SCV, Barracks  
  55  4:25  Marine  
  55  4:27  Stimpack  
  57  4:34  SCV  
  57  4:35  SCV  
  59  4:38  SCV  
  59  4:43  Engineering Bay x2  
  60  4:45  Supply Depot  
  60  4:46  SCV  
  60  4:47  SCV  
  60  4:48  Marine  
  60  4:50  SCV  
  64  4:57  Starport Reactor, Engineering Bay x2  
  64  4:59  SCV, Refinery  
  65  5:00  Refinery  
  65  5:04  SCV  
  65  5:06  Marine  
  67  5:08  SCV  
  67  5:11  Marine x2  
  70  5:17  SCV x2, Factory Reactor  
  70  5:18  Supply Depot, Terran Infantry Weapons Level 1  
  70  5:19  Terran Infantry Armor Level 1  
  70  5:20  Marine x2  
  74  5:24  SCV  
  74  5:25  Marine  
  76  5:28  Marine  
  76  5:29  Orbital Command  
  77  5:36  Supply Depot  
  77  5:40  Marine x2, Medivac, SCV x2  
  77  5:41  Marine  
  84  5:49  Barracks x2  
  84  5:52  SCV  
  85  5:57  Medivac  
  85  5:58  SCV x2, Supply Depot  
  85  6:02  Marine  
  85  6:03  Marine x3  
  93  6:10  Combat Shield, Supply Depot  
  93  6:18  Supply Depot  
  93  6:20  Widow Mine x2, Marine, SCV x3, Supply Depot  
  101  6:30  Armory  
  101  6:31  Marine x4  
  101  6:32  SCV x2  
  107  6:33  SCV  
  107  6:39  Marine, Barracks Reactor  
  109  6:40  Barracks Reactor  
  109  6:44  Supply Depot, SCV  
  109  6:46  Widow Mine x2  
  114  6:49  Marine x2  
  114  6:52  SCV x2, Medivac x2  
  114  6:53  Marine  
  123  6:54  Marine  
  123  6:57  Marine  
  125  7:07  Marine x2  
  127  7:11  Marine  
  127  7:12  Marine  
  127  7:13  Factory  
  127  7:15  Marine  
  130  7:19  Widow Mine x2  
  130  7:20  Marine x4  
  130  7:21  Terran Infantry Weapons Level 2  
  128  7:25  Marine x2  
  128  7:26  Terran Infantry Armor Level 2  
  124  7:32  Refinery  
  124  7:33  Command Center  
  124  7:34  Marine  
  124  7:36  Marauder  
  127  7:37  Missile Turret  
  127  7:38  Missile Turret  
  127  7:39  Missile Turret  
  127  7:44  Widow Mine x2, Marine  
  127  7:45  Marine  
  133  8:01  Supply Depot  
  133  8:03  Supply Depot  
  133  8:05  Marine  
  133  8:06  Medivac x2, Marauder  
  133  8:07  Marine x2  
  133  8:09  Marine x2  
  128  8:13  Widow Mine x2  
  128  8:19  Marine  
  119  8:21  Marine x2  
  119  8:25  Marine  
  119  8:26  Marine  
  119  8:27  Factory Tech Lab  
  119  8:30  Marine x3, Marauder  
  124  8:35  Widow Mine x2  
  124  8:36  Medivac x2, SCV x3, Marine  
  124  8:39  Marine  
  133  8:48  Marine  
  131  8:51  SCV x3  
  131  8:52  Marauder, Marine x5, Missile Turret  
  131  8:54  Marine  
  139  8:57  Bunker, Marine  
  139  8:58  Widow Mine x2, Drilling Claws  
  139  8:59  Thor  
  150  9:05  Marine  
  150  9:09  Marine  
  149  9:10  Marine  
  149  9:13  Marauder  
  149  9:14  Marine x4  
  149  9:15  Marine  
  149  9:16  SCV x3  
  161  9:18  Missile Turret  
  161  9:21  Widow Mine  
  161  9:23  Marine  
  164  9:24  Supply Depot  
  164  9:25  Supply Depot  
  164  9:26  Widow Mine  
  164  9:27  Marine x2  
  168  9:32  Marine  
  168  9:34  Marine x3  
  168  9:37  Terran Infantry Weapons Level 3  
  172  9:42  Marine  
  172  9:43  Marine x2  
  172  9:45  Marine  
  157  9:51  Marine  
  140  9:54  Marine  
  140  9:55  Marine x3  
  140  9:56  SCV  
  142  10:00  Marine  
  142  10:01  Marine x2  
  142  10:03  Marine  
  142  10:05  Widow Mine x2  
  142  10:06  Command Center  
  150  10:08  Command Center  
  150  10:09  Marine  
  150  10:12  Marine  
  150  10:13  Marine  
  153  10:19  Marine  
  153  10:20  Marine  
  153  10:21  Marine x4  
  154  10:32  Marine  
  136  10:36  Terran Vehicle And Ship Armor Level 1  
  136  10:38  Widow Mine x2, Barracks  
  136  10:40  Barracks  
  136  10:41  Marine, Marauder  
  136  10:42  Barracks  
  143  10:52  Thor  
  143  10:54  Medivac  
  143  10:55  Medivac, Marine  
  143  10:56  Marine x2  
  156  11:02  Marine  
  156  11:08  Marine x2  
  156  11:10  Marauder  
  160  11:15  Widow Mine x2  
  164  11:24  Marine, Medivac  
  164  11:25  Medivac, Marine  
  168  11:29  Barracks Tech Lab x2  
  168  11:30  Barracks Tech Lab, Marine x2  
  168  11:31  Marine, Marauder  
  172  11:33  Marine x4  
  172  11:38  Missile Turret  
  176  11:41  Marine  
  176  11:43  Marine  
  176  11:44  Terran Infantry Armor Level 3  
  177  11:47  Marine  
  177  11:48  Marine  
  177  11:49  Marine  
  177  11:55  Marine  
  177  12:00  Marauder  
  169  12:05  Thor, Widow Mine  
  169  12:06  Widow Mine  
  177  12:11  Planetary Fortress  
  177  12:13  Missile Turret  
  175  12:16  Marine, Orbital Command  
  175  12:17  Barracks Tech Lab, Marauder x2  
  175  12:18  Marine  
  175  12:21  Marauder  
  181  12:24  Marine  
  181  12:25  Medivac x2  
  181  12:27  Widow Mine x2  
  174  12:38  Marauder  
  174  12:39  Marine, Marauder x2  
  177  12:55  Medivac x2  
  177  12:56  Marine  
  177  12:57  Marauder  
  173  13:13  Thor, Marine x5  
  173  13:14  Widow Mine x2, Marauder, Marine x2  
  168  13:23  Missile Turret  
  168  13:33  Supply Depot  
  168  13:34  Supply Depot  
  168  13:35  Missile Turret, Supply Depot  
  168  13:42  Orbital Command  
  168  13:54  Marine x5  
  172  13:56  Marine x4, Marauder x2  
  172  13:57  Marine, Medivac x2  
  180  14:07  Planetary Fortress  
  179  14:12  Marine  
  179  14:13  Marauder x2, Marine  
  179  14:15  SCV x3  
  188  14:24  Widow Mine x2  
  188  14:56  SCV  
Show
View Real Time Build Order
Export as new Build Order

Cham Zerg 

Build Orders: Hatch First, Muta Ling Bane 

Get SALT Encoding   

  12  0:00  Drone  
  13  0:08  Drone  
  14  0:16  Overlord  
  14  0:34  Drone  
  14  0:35  Drone  
  16  0:49  Hatchery  
  15  0:52  Drone  
  15  0:56  Drone  
  17  1:03  Drone  
  18  1:17  Extractor, Spawning Pool  
  16  1:19  Drone  
  16  1:22  Drone  
  18  1:28  Drone  
  19  1:40  Drone  
  20  1:49  Overlord  
  20  2:04  Queen x2  
  20  2:05  Zergling x4  
  26  2:12  Drone x2  
  28  2:17  Metabolic Boost  
  28  2:23  Drone x2  
  29  2:37  Hatchery  
  29  2:42  Drone x2  
  30  2:44  Drone  
  31  2:53  Queen  
  31  2:56  Overlord  
  33  2:59  Drone  
  33  3:01  Drone  
  33  3:05  Drone  
  36  3:14  Drone x4  
  36  3:16  Drone  
  41  3:23  Overlord  
  41  3:28  Drone  
  41  3:29  Queen  
  44  3:35  Overlord  
  44  3:38  Overlord  
  44  3:45  Zergling x6  
  44  3:46  Drone  
  44  3:48  Drone  
  49  3:49  Drone  
  50  3:55  Baneling Nest  
  50  3:56  Drone  
  50  3:58  Queen  
  50  3:59  Drone  
  50  4:00  Drone  
  54  4:05  Spine Crawler  
  54  4:06  Drone x3  
  56  4:11  Lair  
  56  4:19  Extractor  
  56  4:20  Drone x6  
  56  4:23  Overlord  
  62  4:28  Queen  
  62  4:30  Overlord  
  64  4:36  Overlord  
  64  4:38  Zergling x4  
  66  4:41  Overlord  
  66  4:42  Overlord  
  66  4:44  Zergling x4  
  66  4:45  Zergling x2  
  69  4:47  Zergling x2  
  69  4:49  Spore Crawler  
  69  4:51  Spore Crawler  
  68  4:53  Spore Crawler, Zergling x2  
  68  4:55  Zergling x2  
  68  4:56  Drone  
  68  4:58  Baneling  
  68  4:59  Drone, Baneling  
  71  5:01  Drone  
  71  5:03  Overlord  
  71  5:05  Drone  
  71  5:06  Drone  
  71  5:07  Drone  
  75  5:09  Drone  
  75  5:10  Drone  
  75  5:11  Drone  
  75  5:13  Drone x2  
  80  5:15  Drone  
  80  5:18  Drone x3  
  84  5:26  Spire  
  81  5:30  Drone  
  81  5:31  Drone x2  
  81  5:34  Drone x2  
  83  5:38  Extractor  
  83  5:40  Drone x6, Extractor  
  83  5:41  Extractor x2, Overlord  
  85  5:43  Overseer  
  85  5:46  Overlord  
  85  5:48  Drone x2  
  87  5:52  Drone  
  87  5:54  Overlord  
  88  6:05  Overlord  
  88  6:06  Drone x4  
  88  6:08  Overlord  
  88  6:10  Hatchery  
  91  6:12  Overlord  
  91  6:17  Zergling x2  
  91  6:18  Zergling x2  
  93  6:20  Overlord  
  93  6:24  Overlord  
  93  6:27  Zergling x6  
  93  6:28  Zergling x2  
  93  6:32  Overlord  
  97  6:35  Overlord  
  97  6:37  Mutalisk  
  97  6:39  Mutalisk  
  99  6:41  Mutalisk x2  
  99  6:43  Mutalisk x3  
  99  6:46  Mutalisk  
  113  6:48  Overlord  
  113  6:56  Mutalisk  
  113  6:58  Overlord  
  113  6:59  Zergling x8  
  119  7:04  Baneling  
  119  7:05  Mutalisk, Baneling  
  119  7:07  Zergling x2  
  119  7:22  Drone x9  
  124  7:32  Mutalisk x2  
  124  7:35  Centrifical Hooks  
  125  7:38  Evolution Chamber, Zergling x6  
  125  7:40  Evolution Chamber  
  125  7:41  Baneling x5  
  125  7:42  Baneling x3, Hatchery, Zergling x6  
  128  7:45  Overlord  
  128  7:46  Zergling x2  
  128  7:49  Queen  
  128  7:50  Drone  
  132  7:56  Zergling x10  
  137  7:59  Baneling x3  
  133  8:08  Overseer  
  133  8:11  Mutalisk  
  133  8:12  Mutalisk x3  
  133  8:13  Zergling x2  
  133  8:14  Zergling x14  
  133  8:16  Zergling x6  
  133  8:18  Mutalisk  
  138  8:27  Drone  
  138  8:28  Drone x4  
  138  8:31  Zerg Melee Weapons Level 1, Zerg Ground Armor Level 1  
  143  8:34  Hatchery  
  143  8:38  Drone  
  143  8:39  Drone x6  
  143  8:40  Mutalisk, Overlord  
  150  8:49  Mutalisk  
  150  8:50  Mutalisk  
  150  8:52  Zergling x14  
  159  8:57  Drone x2  
  159  9:01  Extractor x2  
  157  9:04  Mutalisk x2  
  157  9:05  Zergling x2  
  157  9:06  Zergling x10  
  157  9:08  Pneumatized Carapace  
  167  9:10  Zergling x8  
  167  9:12  Baneling x4  
  167  9:16  Overlord  
  171  9:20  Overseer  
  171  9:23  Baneling x5  
  171  9:26  Zergling x16  
  171  9:27  Zergling x4  
  181  9:37  Zergling x24  
  174  10:00  Mutalisk x6  
  174  10:02  Zergling x22  
  174  10:06  Infestation Pit  
  196  10:07  Zergling x4  
  174  10:17  Drone x5  
  174  10:20  Drone x3  
  175  10:24  Drone x2  
  175  10:29  Baneling x13  
  175  10:30  Zerg Ground Armor Level 2  
  175  10:31  Zerg Melee Weapons Level 2  
  175  10:33  Drone x4  
  175  10:34  Drone  
  166  10:37  Hatchery  
  166  10:39  Baneling x3  
  166  10:40  Baneling  
  166  10:41  Baneling x2  
  165  10:43  Zergling x4  
  167  10:50  Drone x6  
  167  10:53  Zergling x4  
  167  10:54  Zergling x2  
  176  10:57  Baneling x6  
  176  11:02  Zergling x10  
  181  11:08  Baneling x4  
  181  11:10  Drone x6  
  187  11:14  Hive  
  187  11:18  Zergling x8  
  191  11:23  Baneling  
  191  11:24  Baneling x11  
  191  11:25  Baneling  
  191  11:26  Zergling x2  
  191  11:27  Zergling x2  
  193  11:34  Zergling x12  
  199  11:43  Drone  
  199  11:45  Overseer  
  191  11:58  Zergling x4  
  191  11:59  Zergling x30  
  195  12:03  Zergling x10  
  195  12:04  Baneling x8  
  195  12:05  Baneling x5  
  198  12:11  Drone x2  
  198  12:12  Drone  
  198  12:14  Spore Crawler, Spine Crawler  
  189  12:22  Zergling x8  
  190  12:23  Zergling x14  
  190  12:30  Zergling x6  
  179  12:39  Baneling x13  
  179  12:41  Zergling x12  
  184  12:45  Zergling x6  
  184  12:50  Zergling x4  
  184  12:51  Zergling x8  
  178  13:01  Mutalisk x6  
  178  13:03  Zergling x2  
  178  13:04  Zergling x2  
  186  13:12  Zergling x8  
  167  13:16  Zergling x8  
  167  13:17  Baneling x12  
  151  13:20  Adrenal Glands  
  151  13:21  Zergling x2  
  153  13:27  Zergling x10  
  153  13:28  Zergling x2  
  153  13:31  Baneling x4, Hatchery  
  155  13:34  Overseer  
  155  13:36  Zergling x2  
  155  13:37  Zergling x6  
  155  13:40  Zergling x4  
  148  13:45  Zergling x4  
  148  13:46  Baneling  
  148  13:47  Baneling x14  
  141  13:50  Zergling x10  
  141  13:51  Zergling x2  
  141  13:52  Zergling x4  
  141  13:53  Zergling x8  
  141  13:54  Zergling x2  
  141  13:55  Baneling x5  
  154  14:02  Zergling x10  
  152  14:05  Baneling  
  152  14:06  Baneling x5  
  150  14:21  Ultralisk Cavern  
  139  14:25  Zergling x12  
  139  14:26  Zergling x12  
  139  14:27  Baneling x5  
  149  14:31  Zergling x4  
  149  14:34  Zergling x2  
  149  14:35  Overseer x2  
  149  14:37  Zergling x2  
  154  14:43  Zergling x4  
Tags
 
Add a new tag
Caveats
  • Supply blocks, unpowered buildings, or Contaminate may cause inaccurate times.
  • Supply counts are checked every 10 seconds.